 Dungeon Crawl Stone Soup version 0.15.0-14-g6bbbb5c (webtiles) character file.

267 Johnny the Gusty (level 5, -3/39 HPs)
             Began as a Demigod Air Elementalist on Sept 5, 2014.
             Killed by nerve-wracking pain
             ... invoked by siprus' ghost
              (7 damage)
             ... on Level 4 of the Dungeon.
             The game lasted 00:12:07 (4250 turns).

Johnny the Gusty (Demigod Air Elementalist)         Turns: 4250, Time: 00:12:07

HP  -3/39        AC 12     Str 12      XL: 5   Next: 68%
MP   2/13        EV  9     Int 24      God:
Gold 340         SH  0     Dex 16      Spells:  2 memorised,  5 levels left

rFire  . . .     SeeInvis .     n - +0 short sword (protect)
rCold  . . .     Clarity  .     m - +0 ring mail
rNeg   + . .     rCorr    .     (no shield)
rPois  .         rRot     .     (no helmet)
rElec  .         Spirit   .     s - +0 cloak
SustAb .         Warding  .     (no gloves)
rMut   .         Stasis   .     u - +0 pair of boots
Gourm  .                        (no amulet)
MR     .....                    v - +3 ring of intelligence
                                r - ring of positive energy

@: not resistant to hostile enchantments, very unstealthy
A: no striking features
a: no special abilities


You were on level 4 of the Dungeon.
You were not hungry.

You visited 1 branch of the dungeon, and saw 4 of its levels.

You collected 340 gold pieces.

Inventory:

Hand weapons
 n - a +0 short sword of protection (weapon)
Armour
 m - a +0 ring mail (worn)
 s - a +0 cloak (worn)
 u - a +0 pair of boots (worn)
Magical devices
 z - a wand of slowing (11)
Comestibles
 c - 3 bread rations
 q - a slice of pizza
Scrolls
 d - a scroll of teleportation {unknown}
 i - a scroll of fear {unknown}
 j - 2 scrolls of fog
 k - 2 scrolls of identify
 t - a scroll of recharging {unknown}
 w - a scroll of noise {unknown}
 x - a scroll of blinking {unknown}
 y - a scroll of immolation {unknown}
Jewellery
 r - a ring of positive energy (left hand)
 v - a +3 ring of intelligence (right hand)
Potions
 a - a potion of magic {unknown}
 f - 2 potions of heal wounds
 h - a potion of cure mutation {unknown}
 l - a potion of curing {unknown}
 o - 2 potions of agility
Books
 b - a book of Air

   Spells                             Type                      Level
   *Shock                             Conjuration/Air              1
   Swiftness                          Charms/Air                   2
   Repel Missiles                     Charms/Air                   2
   Flight                             Charms/Air                   3
   *Static Discharge                  Conjuration/Air              3
   Lightning Bolt                     Conjuration/Air              5


   Skills:
 + Level 0.6 Fighting
 + Level 0.1 Short Blades
 + Level 1.2 Armour
 + Level 2.4 Dodging
 + Level 2.0 Stealth
 + Level 2.9 Spellcasting
 + Level 2.8 Conjurations
 + Level 3.8 Air Magic


You had 5 spell levels left.
You knew the following spells:

 Your Spells              Type           Power        Failure   Level  Hunger
a - Shock                 Conj/Air       ###.         4%          1    None
b - Static Discharge      Conj/Air       ###.....     14%         3    ###....


Dungeon Overview and Level Annotations

Branches:
Dungeon (4/15)
 Temple: D:4-7

Annotations:
D:4 siprus' ghost, average DsNe


Message History

Confirm with . or Enter, or press ? or * to list all spells.
Okay, then.
You barely miss siprus' ghost.
Siprus' ghost is moderately damaged.
Siprus' ghost casts a spell at you. Pain shoots through your body!
Siprus' ghost casts a spell at you. Pain shoots through your body!
Siprus' ghost points at you and mumbles some strange words.
Pain shoots through your body! Siprus' ghost casts a spell at you.
You struggle to resist.
Siprus' ghost wails, "To die, to sleep, no more."
Your magical contamination has completely faded away.
Siprus' ghost points at you and mumbles some strange words.
Pain shoots through your body!
* * * LOW HITPOINT WARNING * * *
Siprus' ghost points at you and mumbles some strange words.
Pain shoots through your body!
You die...

.# ...
#...##..###### ##
#.#.##....#
#.#..##.#.#
#.##......####
#............#
####..#W.#...#
#.....%.#.#.#
#.#.....#.#.#
#.#....@#.###
#.#......<..#
#.#...[###[.#
..#+#.......#
.............#
..............#
##...............
♣≈........###.##
≈.......... ..


You could see siprus' ghost.

Vanquished Creatures
  2 hounds
  A worker ant (D:4)
  2 orc wizards (D:4)
  4 adders
  A gnoll (D:3)
  A worm (D:2)
  3 giant geckos
  An ooze (D:1)
  4 orcs
  A ball python (D:3)
  12 bats
  2 giant cockroaches (D:1)
  14 goblins
  6 hobgoblins
  8 kobolds
  2 quokkas (D:3)
  3 giant newts
  A goblin skeleton (D:4)
  7 rats
75 creatures vanquished.

Notes
Turn   | Place    | Note
--------------------------------------------------------------
     0 | D:1      | Johnny, the Demigod Air Elementalist, began the quest for the Orb.
     0 | D:1      | Reached XP level 1. HP: 14/14 MP: 3/3
   186 | D:1      | Reached skill level 1 in Conjurations
   272 | D:1      | Reached XP level 2. HP: 14/20 MP: 0/5
   662 | D:1      | Reached skill level 3 in Air Magic
  1432 | D:2      | Reached XP level 3. HP: 26/26 MP: 0/8
  1609 | D:2      | Found a sparkling altar of Nemelex Xobeh.
  2360 | D:2      | Learned a level 3 spell: Static Discharge
  2921 | D:3      | Reached XP level 4. HP: 25/34 MP: 2/11
  3612 | D:3      | Found a snail-covered altar of Cheibriados.
  3736 | D:4      | Noticed siprus' ghost (average DsNe)
  3798 | D:4      | Reached skill level 1 in Armour
  3798 | D:4      | Reached XP level 5. HP: 34/39 MP: 8/12
  4250 | D:4      | Killed from afar by siprus' ghost

Action                   |  1- 3 |  4- 6 || total
-------------------------+-------+-------++-------
Melee: Dagger            |    54 |       ||    54
       Club              |     3 |       ||     3
       Unarmed           |     1 |       ||     1
       Short sword       |       |    20 ||    20
 Cast: Shock             |    86 |    64 ||   150
       Static Discharge  |     1 |    12 ||    13
  Use: Scroll            |     2 |     3 ||     5
  Eat: Beef jerky        |     1 |       ||     1
       Chunk             |     5 |     1 ||     6
       Royal jelly       |       |     1 ||     1
       Bread ration      |       |     1 ||     1
